 Dungeon Sprint DCSS version 0.31-a0-455-g1a7b003ef0 (webtiles) character file.

Game seed: 12986483674085209230

2009 zazu2006 the Thaumaturge (level 9, -2/75 HPs)
             Began as a Gnoll Wanderer on Aug 3, 2023.
             Was a Believer of Vehumet.
             Slain by a white imp (3 damage)
             ... summoned by a kobold demonologist
             ... in the Dungeon (Sprint I: "Red Sonja").
             The game lasted 00:06:05 (574 turns).

zazu2006 the Thaumaturge (Gnoll Wanderer)            Turns: 574, Time: 00:06:06

Health: -2/75      AC:  9    Str: 14    XL:     9   Next: 22%
Magic:  22/22      EV: 14    Int: 20    God:    Vehumet [**....]
Gold:   833        SH:  0    Dex: 11    Spells: 22/26 levels left

rFire   . . .        k - +2 scythe (protect)
rCold   . . .        (shield currently unavailable)
rNeg    . . .        b - +0 robe
rPois   .            (no helmet)
rElec   .            (no cloak)
rCorr   .            (no gloves)
SInv    .            (no boots)
Will    .....        (no amulet)
Stlth   ++++         a - +6 ring of intelligence
HPRegen 0.32/turn    (no ring)
MPRegen 0.18/turn

%: no teleportation
@: spiked, under a protective aura
A: fangs 1, strong nose, distributed training
a: Renounce Religion


You were in the Dungeon.
You worshipped Vehumet.
Vehumet was pleased with you.
You visited 1 branch You collected 833 gold pieces.

Inventory:

Hand Weapons
 k - a +2 scythe of protection (weapon)
 l - a +1 short sword of venom
Missiles
 m - 5 curare-tipped darts
Armour
 b - a +0 robe (worn)
Jewellery
 a - a +6 ring of intelligence (left hand)
Wands
 h - a wand of paralysis (1)
Scrolls
 i - a scroll of blinking
Potions
 c - 2 potions of attraction
 d - 3 potions of curing
 f - a potion of haste
 g - 2 potions of magic


   Skills:
 + Level 8.9 Fighting
 + Level 7.5 Short Blades
 + Level 7.5 Long Blades
 + Level 7.5 Axes
 + Level 7.5 Maces & Flails
 + Level 7.5 Polearms
 + Level 7.5 Staves
 + Level 7.5 Ranged Weapons
 + Level 7.5 Throwing
 + Level 7.5 Armour
 + Level 8.0 Dodging
 + Level 8.7 Stealth
 + Level 7.5 Shields
 + Level 7.5 Unarmed Combat
 + Level 9.1 Spellcasting
 + Level 6.2 Conjurations
 + Level 7.4 Hexes
 + Level 6.2 Summonings
 + Level 6.2 Necromancy
 + Level 6.2 Translocations
 + Level 6.2 Transmutations
 + Level 6.2 Fire Magic
 + Level 6.2 Ice Magic
 + Level 6.2 Air Magic
 + Level 6.2 Earth Magic
 + Level 6.2 Poison Magic
 + Level 8.2 Invocations
 + Level 8.0 Evocations
 + Level 6.2 Shapeshifting


You had 22 spell levels left.
You knew the following spells:

 Your Spells              Type           Power      Damage    Failure   Level
a - Leda's Liquefaction   Hex/Erth       18%        N/A       4%          4

Your spell library contained the following spells:

 Spells                   Type           Power      Damage    Failure   Level
 Poisonous Vapours        Pois/Air       68%        N/A       1%          2
 Necrotise                Necr           100%       1d9       1%          1
 Slow                     Hex            100%       N/A       1%          1
 Inner Flame              Hex/Fire       36%        N/A       1%          3
 Vampiric Draining        Necr           34%        2d8       1%          3


Dungeon Overview and Level Annotations

Branches:
Dungeon (1/1)

Altars:
Cheibriados
Dithmenos
Elyvilon
Fedhas
Gozag
Hepliaklqana
Kikubaaqudgha
Makhleb
Nemelex Xobeh
Okawaru
Qazlal
Ru
Sif Muna
Trog
Uskayaw
Vehumet
Wu Jian
Xom
Yredelemnul
Zin
The Shining One
Jiyva
Lugonu

Shops:
D [


Innate Abilities, Weirdness & Mutations

You have very sharp teeth.
Your uncanny sense of smell can sniff out nearby items.
Your experience applies equally to all skills.


Message History

You closely miss the kobold demonologist.
The kobold demonologist is severely wounded.
The kobold demonologist hits you but does no damage.
The red devil hits you with a +0 trident!
Barbed spikes become lodged in your body.
The white imp gestures at you. The puff of frost hits you!
You feel much better.
The kobold demonologist gestures wildly while chanting.
The red devil hits you with a +0 trident!
Barbed spikes become lodged in your body.
The white imp gestures at you. The puff of frost hits you.
Aiming: Paralyse
Press: ? - help, Shift-Dir - straight line, f/p - kobold demonologist
Aim: a kobold demonologist, wielding a +0 dagger and wearing a +0 robe (severely wounded, chance to affect: 50%)
The kobold demonologist resists with some effort.
The kobold demonologist hits you with a +0 dagger.
The red devil misses you. The white imp closely misses you.
You barely miss the kobold demonologist.
The kobold demonologist is severely wounded.
The kobold demonologist looks braver for a moment.
The red devil hits you with a +0 trident!!
* * * LOW HITPOINT WARNING * * *
Barbed spikes become lodged in your body.
The white imp hits you.
* * * LOW HITPOINT WARNING * * *
The white imp freezes you.
* * * LOW HITPOINT WARNING * * *
Okay, then.
Okay, then.
You hit the kobold demonologist.
Your weapon exudes an aura of protection.
The kobold demonologist is severely wounded.
The kobold demonologist hits you with a +0 dagger.
* * * LOW HITPOINT WARNING * * *
The red devil misses you. The white imp hits you.
* * * LOW HITPOINT WARNING * * *
The white imp freezes you.
You die...

######################
.[').#.['..#__#5.K3..#∆∆
..#..'..#..'..'4@#...#
####'#####'#__####K..+
###..#...#.####∆∆ ####
__####..##[# ∆∆
_____##'#_.+
_.∩...†..._# ∆∆
_..__##_.#'#
_____###'#(#∆∆∆∆ ∆
########.####+###∆ ∆


You could see a kobold demonologist, a smoke demon (summoned), a red devil
(summoned) and a white imp (summoned).

Vanquished Creatures
  Sonja (D)
  A deep troll (D)
  A kobold demonologist (D)
  Sigmund (D)
  A slime creature (D)
  A yak (D)
  A floating eye (D)
  An ogre (D)
  A jelly (D)
  Ijyb (D)
  A ballistomycete spore (D)
11 creatures vanquished.

Vanquished Creatures (others)
  A ballistomycete spore (D)
1 creature vanquished.

Grand Total: 12 creatures vanquished

Notes
Turn   | Place    | Note
-------+----------+-------------------------------------------
     0 | D        | zazu2006 the Gnoll Wanderer began the quest for the Orb.
     0 | D        | zazu2006 set off with the following items: a +0 club, a +0
                  | robe, 2 potions of attraction, a potion of curing, a potion
                  | of heal wounds, a potion of haste, 2 potions of magic, a
                  | potion of berserk rage, a scroll of blinking; and the
                  | following spells available to memorise: Slow, Necrotise,
                  | Inner Flame, Vampiric Draining, Leda's Liquefaction.
     0 | D        | Reached XP level 1. HP: 20/20 MP: 6/6
     6 | D        | Noticed Ijyb
    13 | D        | Killed Ijyb
    14 | D        | Reached skill level 1 in Short Blades
    14 | D        | Reached skill level 1 in Long Blades
    14 | D        | Reached skill level 1 in Axes
    14 | D        | Reached skill level 1 in Maces & Flails
    14 | D        | Reached skill level 1 in Polearms
    14 | D        | Reached skill level 1 in Staves
    14 | D        | Reached skill level 1 in Ranged Weapons
    14 | D        | Reached skill level 1 in Throwing
    14 | D        | Reached skill level 1 in Armour
    14 | D        | Reached skill level 1 in Shields
    14 | D        | Reached skill level 1 in Unarmed Combat
    14 | D        | Reached skill level 5 in Spellcasting
    14 | D        | Reached skill level 1 in Conjurations
    14 | D        | Reached skill level 1 in Summonings
    14 | D        | Reached skill level 1 in Necromancy
    14 | D        | Reached skill level 1 in Translocations
    14 | D        | Reached skill level 1 in Transmutations
    14 | D        | Reached skill level 1 in Fire Magic
    14 | D        | Reached skill level 1 in Ice Magic
    14 | D        | Reached skill level 1 in Air Magic
    14 | D        | Reached skill level 1 in Earth Magic
    14 | D        | Reached skill level 1 in Poison Magic
    14 | D        | Reached skill level 1 in Shapeshifting
    14 | D        | Reached XP level 2. HP: 26/26 MP: 8/8
    14 | D        | Reached XP level 3. HP: 32/32 MP: 9/9
    47 | D        | Noticed an ogre
    51 | D        | Killed an ogre
    52 | D        | Reached skill level 5 in Fighting
    52 | D        | Reached skill level 5 in Stealth
    52 | D        | Reached XP level 4. HP: 39/39 MP: 9/11
    61 | D        | Noticed Sigmund
    79 | D        | Killed Sigmund
    80 | D        | Reached skill level 5 in Dodging
    80 | D        | Reached skill level 6 in Spellcasting
    80 | D        | Reached skill level 5 in Hexes
    80 | D        | Reached skill level 5 in Evocations
    80 | D        | Reached XP level 5. HP: 36/47 MP: 12/14
    80 | D        | Reached XP level 6. HP: 41/53 MP: 12/15
   122 | D        | Found a burning altar of Makhleb.
   122 | D        | Found a viscous altar of Jiyva.
   122 | D        | Found a shimmering altar of Xom.
   122 | D        | Found a corrupted altar of Lugonu.
   122 | D        | Noticed a slime creature
   124 | D        | Found an ornate altar of the Wu Jian Council.
   124 | D        | Found a shimmering blue altar of Sif Muna.
   126 | D        | Found a radiant altar of Vehumet.
   130 | D        | Reached skill level 5 in Invocations
   149 | D        | Became a worshipper of Vehumet
   164 | D        | Noticed Sonja
   173 | D        | Killed Sonja
   174 | D        | Reached skill level 8 in Spellcasting
   174 | D        | Reached skill level 5 in Conjurations
   174 | D        | Reached skill level 5 in Summonings
   174 | D        | Reached skill level 5 in Necromancy
   174 | D        | Reached skill level 5 in Translocations
   174 | D        | Reached skill level 5 in Transmutations
   174 | D        | Reached skill level 5 in Fire Magic
   174 | D        | Reached skill level 5 in Ice Magic
   174 | D        | Reached skill level 5 in Air Magic
   174 | D        | Reached skill level 5 in Earth Magic
   174 | D        | Reached skill level 5 in Poison Magic
   174 | D        | Reached skill level 5 in Shapeshifting
   174 | D        | Reached XP level 7. HP: 28/61 MP: 15/18
   298 | D        | Noticed a deep troll
   349 | D        | Learned a level 4 spell: Leda's Liquefaction
   360 | D        | Killed a deep troll
   361 | D        | Reached XP level 8. HP: 46/69 MP: 15/20
   386 | D        | Found Abirekat's Antique Armour Emporium.
   386 | D        | Found an ancient bone altar of Kikubaaqudgha.
   386 | D        | Found a hazy altar of Hepliaklqana.
   386 | D        | Found a stormy altar of Qazlal.
   386 | D        | Found a hide-covered altar of Uskayaw.
   386 | D        | Found a blossoming altar of Fedhas.
   386 | D        | Found a bloodstained altar of Trog.
   386 | D        | Found an iron altar of Okawaru.
   386 | D        | Found a basalt altar of Yredelemnul.
   386 | D        | Found a glowing golden altar of the Shining One.
   386 | D        | Found a snail-covered altar of Cheibriados.
   386 | D        | Found a sacrificial altar of Ru.
   386 | D        | Found a glowing silver altar of Zin.
   386 | D        | Found a shadowy altar of Dithmenos.
   386 | D        | Found a white marble altar of Elyvilon.
   386 | D        | Noticed a yak
   396 | D        | Killed a yak
   396 | D        | Reached * piety under Vehumet
   396 | D        | Offered knowledge of Kiss of Death by Vehumet.
   397 | D        | Found an opulent altar of Gozag.
   398 | D        | Found a sparkling altar of Nemelex Xobeh.
   426 | D        | Killed a slime creature
   427 | D        | Reached XP level 9. HP: 39/75 MP: 21/21
   551 | D        | Noticed a kobold demonologist
   552 | D        | Noticed a kobold demonologist
   557 | D        | Noticed a sixfirhy
   562 | D        | Killed a kobold demonologist
   562 | D        | Offered knowledge of Poisonous Vapours by Vehumet.
   562 | D        | Reached ** piety under Vehumet
   563 | D        | Reached skill level 9 in Spellcasting
   567 | D        | Noticed a red devil
   572 | D        | Noticed a smoke demon
   574 | D        | HP: 1/75 [white imp[a kobold demonologist] (3)]
   574 | D        | Slain by a white imp

Illustrated notes

Levels and vault maps discovered:
D:        dungeon_sprint_1 [red_sonja_temple_1, red_sonja_temple_small_1]

Skill      XL: |  1  2  3  4  5  6  7  8  9 |
---------------+----------------------------+-----
Short Blades   | 1 3 4 6 7 |  7.5
Long Blades    | 1 3 4 6 7 |  7.5
Axes           | 1 3 4 6 7 |  7.5
Maces & Flails | 1 3 4 6 7 |  7.5
Polearms       | 1 3 4 6 7 |  7.5
Staves         | 1 3 4 6 7 |  7.5
Ranged Weapons | 1 3 4 6 7 |  7.5
Throwing       | 1 3 4 6 7 |  7.5
Armour         | 1 3 4 6 7 |  7.5
Dodging        | 3 4 5 6 7 8 |  8.0
Shields        | 1 3 4 6 7 |  7.5
Unarmed Combat | 1 3 4 6 7 |  7.5
Spellcasting   | 5 6 8 9 |  9.1
Conjurations   | 1 2 3 5 6 |  6.2
Hexes          | 4 5 6 7 |  7.4
Summonings     | 1 2 3 5 6 |  6.2
Necromancy     | 1 2 3 5 6 |  6.2
Translocations | 1 2 3 5 6 |  6.2
Transmutations | 1 2 3 5 6 |  6.2
Fire Magic     | 1 2 3 5 6 |  6.2
Ice Magic      | 1 2 3 5 6 |  6.2
Air Magic      | 1 2 3 5 6 |  6.2
Earth Magic    | 1 2 3 5 6 |  6.2
Poison Magic   | 1 2 3 5 6 |  6.2
Invocations    | 2 3 4 6 7 8 |  8.2
Evocations     | 3 4 5 6 7 8 |  8.0
Shapeshifting  | 1 2 3 5 6 |  6.2
Fighting       | 5 6 7 8 |  8.9
Stealth        | 5 6 7 8 |  8.7

Action                     |  1- 3 |  4- 6 |  7- 9 || total
---------------------------+-------+-------+-------++-------
  Melee: Club              |     5 |       |       ||     5
         Bite              |     3 |     3 |     6 ||    12
         Dagger            |     2 |    16 |       ||    18
         Punch             |       |     1 |       ||     1
         Halberd           |       |     6 |    45 ||    51
   Cast: Leda's Liquefacti |       |       |     1 ||     1
  Evoke: Wand              |     1 |     2 |     4 ||     7
    Use: Potion            |     1 |       |     1 ||     2
   Stab: Paralysed         |     2 |     3 |    10 ||    15
         Sleeping          |       |     2 |     3 ||     5
 Armour: Robe              |     2 |     1 |     9 ||    12
  Dodge: Dodged            |     2 |     8 |    14 ||    24

Table legend: (Time is in decaauts)
 A = Elapsed time spent in this place.
 B = Non-inter-level travel time spent in this place.
 C = Inter-level travel time spent in this place.
 D = Time resting spent in this place.
 E = Time spent auto-exploring this place.
 F = Levels seen in this place.
 G = Mean time per level.
                   A        B        C        D        E       F      G
               +--------+--------+--------+--------+--------+-----+--------+
         Total |    590 |    590 |      0 |    304 |      0 |   1 |  590.0 |
       Dungeon |    590 |    590 |      0 |    304 |      0 |   1 |  590.0 |
               +--------+--------+--------+--------+--------+-----+--------+

Top non-repeatable levels by time:
       D: 590 daAuts
